Flames vs Golden Knights

Created - 18 novembre 2025 at 20:52

Goals
1 2 3 T
Flames 1 0 1 2
Golden Knights 0 0 1 1
Shots
1 2 3 T
Flames 11 14 9 34
Golden Knights 13 16 13 42

GoalsPenalties
1st period
1. Flames , Mark Jankowski 2 (Kiefer Sherwood 5) at 8:56
Lucas Carlsson (VGK) for Tripping (Minor) at 11:35
Ondrej Palat (VGK) for Interference (Minor) at 18:36
2nd period
No Goal
No Penalty
3rd period
2. Golden Knights , Jake Evans 8 (Ondrej Palat 11, Conor Timmins 2) at 4:24
3. Flames , Kiefer Sherwood 6 (Connor Zary 3, Trevor Moore 4) at 13:28
No Penalty
Goalie Stats
Sergei Bobrovsky (CAL), 41 saves from 42 shots - (0,976), W, 3-6-1, 60:00 minutes
Lukas Dostal (VGK), 32 saves from 34 shots - (0,941), L, 1-2-0, 59:01 minutes
3 StarsOfficial
1 - Sergei Bobrovsky (CAL)
2 - Kiefer Sherwood (CAL)
3 - Mark Jankowski (CAL)
Referees : Troy Paterson and Stephen Hiff
Linesman : Matt Brady and Kory Nagy
Game Note
No Game Note
Finance
Level 1 -- Attendance: 6000 (100,00%) -- Ticket Income $450,000
Level 2 -- Attendance: 4363 (87,26%) -- Ticket Income $283,595
Level 3 -- Attendance: 1497 (74,85%) -- Ticket Income $67,365
Level 4 -- Attendance: 2146 (53,65%) -- Ticket Income $75,110
Luxury Box -- Attendance: 958 (95,80%) -- Ticket Income $119,750
Game was played at the T-Mobile arena.
Total Attendance: 14964 (83,13%)
Total Ticket Income: $995,820
Other Income: $487,952
Total Income: $1,483,772



Team Name Goals Shots Shots Attemp Shots Blocked PIM HIT PP PK FO%
Flames 23465100220 / 2 (0%)049%
Golden Knights 1428484150 / 0 (0,00%051%

Flames
Player Name POS G A P +/- PIM HIT SHT SB MP PP MP PP SHT PK MP PK SHT FO% FOT GA TA
000000000:000:0000:0000% 000
000000000:000:0000:0000% 000
Alec MartinezD0001001216:581:3200:0000% 010
Brandon DuhaimeLW/RW000002109:180:0000:0000% 000
Connor CliftonD0000050024:552:2600:0000% 000
Connor ZaryC/LW0112012012:070:0000:0000% 011
Emil LillebergD0001012016:581:3200:0000% 000
Jordan SpenceD0000000018:070:0000:0000% 011
Juraj SlafkovskyLW/RW0000041018:302:2500:0000% 201
Kiefer SherwoodLW/RW1122015113:210:0000:0000% 010
Mark JankowskiC/LW1012002112:070:0000:00050% 1200
Nick SeelerD0000031118:070:0000:0000% 000
Pavel ZachaC/LW000-1022120:572:2510:00050% 3220
Rasmus KupariC/RW000000008:040:0000:0000% 000
Ryan DonatoC/LW0000005017:381:3310:00058% 1900
Sam ReinhartC/RW000-1024020:572:2510:0000% 020
Teddy BluegerC/LW/RW000000209:180:0000:00043% 700
Trevor MooreC/LW/RW0110002117:381:3300:0000% 000
Will SmithC/RW000-1013120:051:3300:0000% 231
Zach WerenskiD0000001224:552:2600:0000% 041
Golden Knights
Player Name POS G A P +/- PIM HIT SHT SB MP PP MP PP SHT PK MP PK SHT FO% FOT GA TA
Blake ColemanC/LW/RW0001011018:520:0001:0900% 101
Brock BoeserLW/RW0000023020:230:0000:1500% 310
Conor TimminsD0111021020:000:0000:0000% 001
Drake CaggiulaC/LW/RW000000207:550:0000:00086% 710
Evgeni MalkinC/LW/RW0000014220:060:0000:00050% 3212
Jacob BrysonD000000000:000:0000:0000% 000
Jake EvansC/RW1011017120:180:0002:34056% 2503
Jaycob MegnaD000-102108:360:0000:0000% 000
Jayden StrubleD000001007:400:0000:4400% 003
Joel KivirantaLW/RW000-2003110:320:0000:1500% 000
Johnathan KovacevicD000-1001223:440:0003:1400% 011
Jonny BrodzinskiC/RW000000107:550:0000:0000% 000
Lucas CarlssonD000-1222015:310:0000:0000% 000
Matt BoldyLW/RW0000004122:410:0002:3400% 301
Matt SavoieC/LW/RW000-2006010:150:0000:000100% 100
Nic DowdC/RW000-2002011:240:0001:09050% 200
Nick LeddyD0001001020:460:0000:4400% 001
Ondrej PalatLW/RW0111230017:430:0000:0000% 001
Patrick MaroonLW/RW000000107:550:0000:0000% 000
Ryan PulockD000-1002123:440:0003:1400% 011

Flames

5 vs 5 Forward
Line #Left WingCenterRight WingPHYDFOFWanted %Time %Time Play
1Will SmithPavel ZachaSam Reinhart0143434%18:32
2Trevor MooreRyan DonatoJuraj Slafkovsky0233029%16:05
3Connor ZaryMark JankowskiKiefer Sherwood0232222%12:07
4Brandon DuhaimeTeddy BluegerRasmus Kupari2211415%8:04
5 vs 5 Defense
Line #DefenseDefensePHYDFOFWanted %Time %Time Play
1Zach WerenskiConnor Clifton0323938%21:03
2Jordan SpenceNick Seeler0323232%17:26
3Emil LillebergAlec Martinez1312527%14:53
4Connor CliftonZach Werenski02343%1:26
Power Play Forward
Line #Left WingCenterRight WingPHYDFOFWanted %Time %Time Play
1Juraj SlafkovskyPavel ZachaSam Reinhart0056561%2:25
2Trevor MooreRyan DonatoWill Smith0053539%1:33
Power Play Defense
Line #DefenseDefensePHYDFOFWanted %Time %Time Play
1Zach WerenskiConnor Clifton0146561%2:26
2Alec MartinezEmil Lilleberg0143539%1:32
Penalty Kill 4 Players Forward
Line #CenterWingPHYDFOFWanted %Time %Time Play
1Teddy BluegerBrandon Duhaime050600%0:00
2Sam ReinhartKiefer Sherwood050400%0:00
Penalty Kill 4 Players Defense
Line #DefenseDefensePHYDFOFWanted %Time %Time Play
1Connor CliftonNick Seeler140600%0:00
2Alec MartinezEmil Lilleberg140400%0:00
Penalty Kill 3 Players
Line #WingPHYDFOFWanted %Time %Time PlayDefenseDefensePHYDFOFWanted %Time %Time Play
1Teddy Blueger050600%0:00 Connor CliftonNick Seeler050600%0:00
2Rasmus Kupari050400%0:00 Alec MartinezZach Werenski050400%0:00
4 vs 4 Forward
Line #CenterWingPHYDFOFWanted %Time %Time Play
1Pavel ZachaSam Reinhart014600%0:00
2Ryan DonatoJuraj Slafkovsky023400%0:00
4 vs 4 Defense
Line #DefensePHYDFOFWanted %Time %Time Play
1Connor CliftonZach Werenski023600%0:00
2Nick SeelerEmil Lilleberg032400%0:00
Last Minutes Offensive
Left WingCenterRight WingDefenseDefense
Juraj SlafkovskyPavel ZachaSam ReinhartZach WerenskiJordan Spence
Last Minutes Defensive
Left WingCenterRight WingDefenseDefense
Brandon DuhaimeTeddy BluegerKiefer SherwoodConnor CliftonNick Seeler
Time
Total ForwardTotal DefenseLast Minutes OffensiveLast Minutes Defensive
60:00 60:00 0:001:14
Extra Forwards
Normal PowerPlayPenalty Kill
Sam Reinhart, Pavel Zacha, Juraj SlafkovskyConnor Zary, Kiefer SherwoodRasmus Kupari
Extra Defensemen
Normal PowerPlayPenalty Kill
Zach Werenski, Nick Seeler, Connor CliftonConnor Clifton, Connor CliftonZach Werenski
Penalty Shots
Sam Reinhart, Trevor Moore, Teddy Blueger, Ryan Donato, Juraj Slafkovsky
Goalie
Sergei Bobrovsky, Alex Lyon
Custom OT Lines Forwards
Sam Reinhart, Pavel Zacha, Juraj Slafkovsky, Ryan Donato, Trevor Moore, Kiefer Sherwood, Will Smith, Connor Zary, Brandon Duhaime, Teddy Blueger
Custom OT Lines Defensemen
Zach Werenski, Connor Clifton, Emil Lilleberg, Alec Martinez, Nick Seeler
Scratches
Blake Lizotte (Healthy), Drew Doughty (Healthy)

Golden Knights

5 vs 5 Forward
Line #Left WingCenterRight WingPHYDFOFWanted %Time %Time Play
1Matt BoldyEvgeni MalkinBrock Boeser0233635%18:56
2Ondrej PalatJake EvansBlake Coleman0233432%17:43
3Joel KivirantaNic DowdMatt Savoie0321719%10:15
4Jonny BrodzinskiDrake CaggiulaPatrick Maroon0321314%7:55
5 vs 5 Defense
Line #DefenseDefensePHYDFOFWanted %Time %Time Play
1Johnathan KovacevicRyan Pulock0233737%20:30
2Nick LeddyConor Timmins0233334%18:49
3Jaycob MegnaLucas Carlsson0321716%8:36
4Lucas CarlssonJayden Struble0321313%6:54
Power Play Forward
Line #Left WingCenterRight WingPHYDFOFWanted %Time %Time Play
1Matt BoldyEvgeni MalkinBrock Boeser023550%0:00
2Blake ColemanJake EvansOndrej Palat023450%0:00
Power Play Defense
Line #DefenseDefensePHYDFOFWanted %Time %Time Play
1Nick LeddyRyan Pulock023550%0:00
2Johnathan KovacevicJaycob Megna023450%0:00
Penalty Kill 4 Players Forward
Line #CenterWingPHYDFOFWanted %Time %Time Play
1Jake EvansMatt Boldy0325671%2:49
2Nic DowdBlake Coleman0324429%1:09
Penalty Kill 4 Players Defense
Line #DefenseDefensePHYDFOFWanted %Time %Time Play
1Johnathan KovacevicRyan Pulock0325582%3:14
2Jayden StrubleNick Leddy0324518%0:44
Penalty Kill 3 Players
Line #WingPHYDFOFWanted %Time %Time PlayDefenseDefensePHYDFOFWanted %Time %Time Play
1Nic Dowd032550%0:00 Johnathan KovacevicRyan Pulock032550%0:00
2Jake Evans032450%0:00 Nick LeddyConor Timmins032450%0:00
4 vs 4 Forward
Line #CenterWingPHYDFOFWanted %Time %Time Play
1Evgeni MalkinMatt Boldy023550%0:00
2Jake EvansNic Dowd023450%0:00
4 vs 4 Defense
Line #DefensePHYDFOFWanted %Time %Time Play
1Johnathan KovacevicRyan Pulock023550%0:00
2Nick LeddyJayden Struble032450%0:00
Last Minutes Offensive
Left WingCenterRight WingDefenseDefense
Matt BoldyEvgeni MalkinBrock BoeserJohnathan KovacevicRyan Pulock
Last Minutes Defensive
Left WingCenterRight WingDefenseDefense
Matt BoldyJake EvansNic DowdConor TimminsNick Leddy
Time
Total ForwardTotal DefenseLast Minutes OffensiveLast Minutes Defensive
60:00 60:00 1:130:00
Extra Forwards
Normal PowerPlayPenalty Kill
Matt Boldy, Jake Evans, Nic DowdBlake Coleman, Matt BoldyJoel Kiviranta
Extra Defensemen
Normal PowerPlayPenalty Kill
Ryan Pulock, Nick Leddy, Johnathan KovacevicRyan Pulock, Jaycob MegnaJayden Struble
Penalty Shots
Matt Boldy, Brock Boeser, Evgeni Malkin, Blake Coleman, Jake Evans
Goalie
Lukas Dostal, Connor Hellebuyck
Custom OT Lines Forwards
Evgeni Malkin, Blake Coleman, Matt Boldy, Jake Evans, Brock Boeser, Joel Kiviranta, Ondrej Palat, Nic Dowd, Jonny Brodzinski, Matt Savoie
Custom OT Lines Defensemen
Johnathan Kovacevic, Ryan Pulock, Nick Leddy, Jaycob Megna, Conor Timmins
Scratches
None


Play-by-Play

1st period


0:01 of 1st period - Pavel Zacha wins face-off versus Evgeni Malkin in neutral zone.
0:06 of 1st period - Backhand shot by Sam Reinhart.
0:06 of 1st period - Deflect By Pavel Zacha.
0:06 of 1st period - Shot Blocked by Johnathan Kovacevic.
0:06 of 1st period - Puck is out of play.
0:07 of 1st period - Evgeni Malkin wins face-off versus Will Smith in Golden Knights zone.
0:07 of 1st period - Evgeni Malkin is hit by Connor Clifton.
0:19 of 1st period - Evgeni Malkin is hit by Connor Clifton and loses puck.
0:34 of 1st period - Wrist shot by Will Smith.
0:34 of 1st period - Shot Misses the Net.
1:39 of 1st period - Snap shot by Will Smith.
1:39 of 1st period - Shot Blocked by Ryan Pulock.
1:41 of 1st period - Snap shot by Connor Clifton.
1:41 of 1st period - Shot Blocked by Matt Boldy.
1:43 of 1st period - Snap shot by Will Smith.
1:43 of 1st period - Shot Misses the Net.
1:47 of 1st period - Slapshot by Sam Reinhart.
1:47 of 1st period - Deflect By Will Smith.
1:47 of 1st period - Stopped by Lukas Dostal with a rebound.
1:49 of 1st period - Slapshot by Zach Werenski.
1:49 of 1st period - Stopped by Lukas Dostal without a rebound.
1:50 of 1st period - Jake Evans wins face-off versus Ryan Donato in Golden Knights zone.
1:54 of 1st period - Icing by Jake Evans.
1:55 of 1st period - Ryan Donato wins face-off versus Jake Evans in Golden Knights zone.
2:06 of 1st period - Slapshot by Trevor Moore.
2:06 of 1st period - Deflect By Juraj Slafkovsky.
2:06 of 1st period - Stopped by Lukas Dostal without a rebound.
2:07 of 1st period - Jake Evans wins face-off versus Mark Jankowski in Golden Knights zone.
2:07 of 1st period - Jake Evans is hit by Emil Lilleberg.
2:37 of 1st period - Wrist shot by Joel Kiviranta.
2:37 of 1st period - Stopped by Sergei Bobrovsky with a rebound.
2:39 of 1st period - Snap shot by Matt Savoie.
2:39 of 1st period - Stopped by Sergei Bobrovsky with a rebound.
2:41 of 1st period - Wrist shot by Joel Kiviranta.
2:41 of 1st period - Shot Blocked by Alec Martinez.
2:43 of 1st period - Slapshot by Conor Timmins.
2:43 of 1st period - Deflect By Matt Savoie.
2:43 of 1st period - Stopped by Sergei Bobrovsky with a rebound.
2:45 of 1st period - Snap shot by Nic Dowd.
2:45 of 1st period - Deflect By Matt Savoie.
2:45 of 1st period - Shot Blocked by Trevor Moore.
2:45 of 1st period - Puck is out of play.
2:46 of 1st period - Drake Caggiula wins face-off versus Teddy Blueger in Flames zone.
3:28 of 1st period - Icing by Lucas Carlsson.
3:29 of 1st period - Jake Evans wins face-off versus Mark Jankowski in Golden Knights zone.
3:54 of 1st period - Drake Caggiula is hit by Nick Seeler and loses puck.
4:03 of 1st period - Snap shot by Ryan Donato.
4:03 of 1st period - Stopped by Lukas Dostal with a rebound.
4:47 of 1st period - Snap shot by Brock Boeser.
4:47 of 1st period - Shot Misses the Net.
5:01 of 1st period - Snap shot by Matt Savoie.
5:01 of 1st period - Stopped by Sergei Bobrovsky without a rebound.
5:02 of 1st period - Mark Jankowski wins face-off versus Nic Dowd in Flames zone.
5:07 of 1st period - Nic Dowd is hit by Kiefer Sherwood and loses puck.
5:32 of 1st period - Backhand shot by Matt Savoie.
5:32 of 1st period - Stopped by Sergei Bobrovsky without a rebound.
5:33 of 1st period - Ryan Donato wins face-off versus Jake Evans in Flames zone.
5:33 of 1st period - Ryan Donato is hit by Ondrej Palat.
5:40 of 1st period - Off-side.
5:41 of 1st period - Jake Evans wins face-off versus Ryan Donato in neutral zone.
5:48 of 1st period - Alec Martinez is hit by Jayden Struble and loses puck.
5:55 of 1st period - Snap shot by Jake Evans.
5:55 of 1st period - Shot Misses the Net.
6:29 of 1st period - Snap shot by Jake Evans.
6:29 of 1st period - Stopped by Sergei Bobrovsky without a rebound.
6:30 of 1st period - Evgeni Malkin wins face-off versus Teddy Blueger in Flames zone.
6:31 of 1st period - Snap shot by Brock Boeser.
6:31 of 1st period - Shot Misses the Net.
6:39 of 1st period - Johnathan Kovacevic is hit by Brandon Duhaime and loses puck.
6:46 of 1st period - Snap shot by Rasmus Kupari.
6:46 of 1st period - Shot Misses the Net.
7:36 of 1st period - Nick Seeler is hit by Brock Boeser and loses puck.
7:55 of 1st period - Wrist shot by Ryan Donato.
7:55 of 1st period - Stopped by Lukas Dostal without a rebound.
7:56 of 1st period - Drake Caggiula wins face-off versus Ryan Donato in Golden Knights zone.
8:01 of 1st period - Snap shot by Juraj Slafkovsky.
8:01 of 1st period - Shot Misses the Net.
8:03 of 1st period - Snap shot by Trevor Moore.
8:03 of 1st period - Stopped by Lukas Dostal without a rebound.
8:04 of 1st period - Drake Caggiula wins face-off versus Pavel Zacha in Golden Knights zone.
8:14 of 1st period - Wrist shot by Sam Reinhart.
8:14 of 1st period - Shot Misses the Net.
8:16 of 1st period - Slapshot by Will Smith.
8:16 of 1st period - Shot Misses the Net.
8:18 of 1st period - Wrist shot by Sam Reinhart.
8:18 of 1st period - Shot Misses the Net.
8:56 of 1st period - Snap shot by Mark Jankowski.
8:56 of 1st period - Goal by Mark Jankowski - Flames : 1 - Golden Knights : 0.
8:57 of 1st period - Ryan Donato wins face-off versus Evgeni Malkin in neutral zone.
10:38 of 1st period - Snap shot by Matt Boldy.
10:38 of 1st period - Shot Misses the Net.
10:40 of 1st period - Snap shot by Lucas Carlsson.
10:40 of 1st period - Stopped by Sergei Bobrovsky without a rebound.
10:41 of 1st period - Pavel Zacha wins face-off versus Evgeni Malkin in Flames zone.
10:52 of 1st period - Snap shot by Brock Boeser.
10:52 of 1st period - Stopped by Sergei Bobrovsky without a rebound.
10:53 of 1st period - Ryan Donato wins face-off versus Jake Evans in Flames zone.
11:18 of 1st period - Evgeni Malkin is hit by Will Smith.
11:35 of 1st period - Minor Penalty to Lucas Carlsson for Tripping.
11:36 of 1st period - Jake Evans wins face-off versus Pavel Zacha in Golden Knights zone.
11:47 of 1st period - Snap shot by Pavel Zacha.
11:47 of 1st period - Shot Misses the Net.
11:49 of 1st period - Snap shot by Sam Reinhart.
11:49 of 1st period - Shot Misses the Net.
11:51 of 1st period - Snap shot by Zach Werenski.
11:51 of 1st period - Shot Misses the Net.
11:53 of 1st period - Wrist shot by Pavel Zacha.
11:53 of 1st period - Stopped by Lukas Dostal without a rebound.
11:54 of 1st period - Pavel Zacha wins face-off versus Matt Boldy in Golden Knights zone.
11:57 of 1st period - Snap shot by Juraj Slafkovsky.
11:57 of 1st period - Deflect By Sam Reinhart.
11:57 of 1st period - Stopped by Lukas Dostal with a rebound.
12:07 of 1st period - Slapshot by Sam Reinhart.
12:07 of 1st period - Shot Misses the Net.
13:28 of 1st period - Icing by Trevor Moore.
13:29 of 1st period - Ryan Donato wins face-off versus Brock Boeser in Flames zone.
13:35 of 1st period - Penalty to Lucas Carlsson is over, Lucas Carlsson is back on ice.
13:36 of 1st period - Wrist shot by Joel Kiviranta.
13:36 of 1st period - Stopped by Sergei Bobrovsky without a rebound.
13:37 of 1st period - Evgeni Malkin wins face-off versus Pavel Zacha in Flames zone.
13:52 of 1st period - Jordan Spence is hit by Conor Timmins and loses puck.
13:59 of 1st period - Snap shot by Jake Evans.
13:59 of 1st period - Stopped by Sergei Bobrovsky without a rebound.
14:00 of 1st period - Teddy Blueger wins face-off versus Jake Evans in Flames zone.
14:34 of 1st period - Icing by Conor Timmins.
14:35 of 1st period - Pavel Zacha wins face-off versus Matt Boldy in Golden Knights zone.
14:36 of 1st period - Snap shot by Sam Reinhart.
14:36 of 1st period - Shot Misses the Net.
14:38 of 1st period - Snap shot by Sam Reinhart.
14:38 of 1st period - Stopped by Lukas Dostal without a rebound.
14:39 of 1st period - Pavel Zacha wins face-off versus Jake Evans in Golden Knights zone.
15:04 of 1st period - Trevor Moore is hit by Brock Boeser and loses puck.
15:24 of 1st period - Off-side.
15:25 of 1st period - Nic Dowd wins face-off versus Mark Jankowski in neutral zone.
15:40 of 1st period - Wrist shot by Matt Savoie.
15:40 of 1st period - Shot Misses the Net.
16:43 of 1st period - Off-side.
16:44 of 1st period - Jake Evans wins face-off versus Pavel Zacha in neutral zone.
16:46 of 1st period - Off-side.
16:47 of 1st period - Jake Evans wins face-off versus Pavel Zacha in neutral zone.
16:50 of 1st period - Snap shot by Jake Evans.
16:50 of 1st period - Stopped by Sergei Bobrovsky without a rebound.
16:51 of 1st period - Jake Evans wins face-off versus Pavel Zacha in Flames zone.
16:52 of 1st period - Wrist shot by Blake Coleman.
16:52 of 1st period - Shot Misses the Net.
17:00 of 1st period - Icing by Will Smith.
17:01 of 1st period - Pavel Zacha wins face-off versus Evgeni Malkin in Flames zone.
17:01 of 1st period - Pavel Zacha is hit by Evgeni Malkin.
17:08 of 1st period - Off-side.
17:09 of 1st period - Ryan Donato wins face-off versus Evgeni Malkin in neutral zone.
17:34 of 1st period - Wrist shot by Matt Boldy.
17:34 of 1st period - Stopped by Sergei Bobrovsky with a rebound.
17:36 of 1st period - Snap shot by Matt Boldy.
17:36 of 1st period - Shot Misses the Net.
17:42 of 1st period - Slapshot by Brock Boeser.
17:42 of 1st period - Shot Misses the Net.
17:44 of 1st period - Snap shot by Ryan Pulock.
17:44 of 1st period - Deflect By Brock Boeser.
17:44 of 1st period - Shot Misses the Net.
17:44 of 1st period - Puck is out of play.
17:45 of 1st period - Ryan Donato wins face-off versus Jake Evans in Flames zone.
18:00 of 1st period - Wrist shot by Ryan Donato.
18:00 of 1st period - Deflect By Juraj Slafkovsky.
18:00 of 1st period - Shot Misses the Net.
18:00 of 1st period - Puck is out of play.
18:01 of 1st period - Drake Caggiula wins face-off versus Mark Jankowski in Golden Knights zone.
18:08 of 1st period - Slapshot by Jonny Brodzinski.
18:08 of 1st period - Shot Misses the Net.
18:16 of 1st period - Slapshot by Patrick Maroon.
18:16 of 1st period - Stopped by Sergei Bobrovsky without a rebound.
18:17 of 1st period - Ryan Donato wins face-off versus Blake Coleman in Flames zone.
18:17 of 1st period - Ryan Donato is hit by Jake Evans.
18:36 of 1st period - Minor Penalty to Ondrej Palat for Interference.
18:37 of 1st period - Jake Evans wins face-off versus Juraj Slafkovsky in Golden Knights zone.
19:10 of 1st period - Backhand shot by Zach Werenski.
19:10 of 1st period - Deflect By Ryan Donato.
19:10 of 1st period - Stopped by Lukas Dostal with a rebound.
Goals for this period are 1 for Flames vs 0 for Golden Knights.
Shots for this period are 11 for Flames vs 13 for Golden Knights.

2nd period


0:01 of 2nd period - Jake Evans wins face-off versus Pavel Zacha in neutral zone.
0:04 of 2nd period - Snap shot by Matt Boldy.
0:04 of 2nd period - Shot Misses the Net.
0:10 of 2nd period - Slapshot by Jake Evans.
0:10 of 2nd period - Shot Blocked by Zach Werenski.
0:36 of 2nd period - Penalty to Ondrej Palat is over, Ondrej Palat is back on ice.
1:21 of 2nd period - Snap shot by Matt Savoie.
1:21 of 2nd period - Stopped by Sergei Bobrovsky with a rebound.
1:31 of 2nd period - Evgeni Malkin is hit by Sam Reinhart and loses puck.
1:42 of 2nd period - Wrist shot by Pavel Zacha.
1:42 of 2nd period - Stopped by Lukas Dostal without a rebound.
1:43 of 2nd period - Ryan Donato wins face-off versus Jake Evans in Golden Knights zone.
1:58 of 2nd period - Wrist shot by Ryan Donato.
1:58 of 2nd period - Deflect By Juraj Slafkovsky.
1:58 of 2nd period - Shot Misses the Net.
1:58 of 2nd period - Puck is out of play.
1:59 of 2nd period - Pavel Zacha wins face-off versus Evgeni Malkin in Golden Knights zone.
2:04 of 2nd period - Wrist shot by Sam Reinhart.
2:04 of 2nd period - Shot Blocked by Johnathan Kovacevic.
2:06 of 2nd period - Snap shot by Pavel Zacha.
2:06 of 2nd period - Shot Blocked by Evgeni Malkin.
2:08 of 2nd period - Backhand shot by Emil Lilleberg.
2:08 of 2nd period - Stopped by Lukas Dostal with a rebound.
2:10 of 2nd period - Wrist shot by Will Smith.
2:10 of 2nd period - Stopped by Lukas Dostal with a rebound.
2:12 of 2nd period - Wrist shot by Sam Reinhart.
2:12 of 2nd period - Deflect By Will Smith.
2:12 of 2nd period - Stopped by Lukas Dostal with a rebound.
2:16 of 2nd period - Snap shot by Sam Reinhart.
2:16 of 2nd period - Shot Misses the Net.
2:51 of 2nd period - Ryan Pulock is hit by Connor Clifton.
3:00 of 2nd period - Slapshot by Nick Leddy.
3:00 of 2nd period - Deflect By Joel Kiviranta.
3:00 of 2nd period - Shot Misses the Net.
3:00 of 2nd period - Puck is out of play.
3:01 of 2nd period - Pavel Zacha wins face-off versus Evgeni Malkin in Flames zone.
3:16 of 2nd period - Wrist shot by Matt Boldy.
3:16 of 2nd period - Stopped by Sergei Bobrovsky with a rebound.
3:28 of 2nd period - Jake Evans is hit by Juraj Slafkovsky and loses puck.
3:52 of 2nd period - Slapshot by Nick Leddy.
3:52 of 2nd period - Deflect By Nic Dowd.
3:52 of 2nd period - Stopped by Sergei Bobrovsky with a rebound.
3:54 of 2nd period - Slapshot by Nick Leddy.
3:54 of 2nd period - Stopped by Sergei Bobrovsky with a rebound.
3:56 of 2nd period - Slapshot by Conor Timmins.
3:56 of 2nd period - Stopped by Sergei Bobrovsky with a rebound.
3:58 of 2nd period - Snap shot by Joel Kiviranta.
3:58 of 2nd period - Shot Blocked by Kiefer Sherwood.
4:00 of 2nd period - Slapshot by Nick Leddy.
4:00 of 2nd period - Deflect By Matt Savoie.
4:00 of 2nd period - Stopped by Sergei Bobrovsky without a rebound.
4:01 of 2nd period - Evgeni Malkin wins face-off versus Pavel Zacha in Flames zone.
4:28 of 2nd period - Juraj Slafkovsky is hit by Blake Coleman and loses puck.
5:07 of 2nd period - Rasmus Kupari is hit by Lucas Carlsson and loses puck.
5:19 of 2nd period - Off-side.
5:20 of 2nd period - Pavel Zacha wins face-off versus Evgeni Malkin in neutral zone.
6:33 of 2nd period - Snap shot by Kiefer Sherwood.
6:33 of 2nd period - Stopped by Lukas Dostal without a rebound.
6:34 of 2nd period - Evgeni Malkin wins face-off versus Mark Jankowski in Golden Knights zone.
6:43 of 2nd period - Wrist shot by Matt Boldy.
6:43 of 2nd period - Stopped by Sergei Bobrovsky with a rebound.
6:45 of 2nd period - Snap shot by Matt Boldy.
6:45 of 2nd period - Shot Misses the Net.
7:01 of 2nd period - Jake Evans is hit by Juraj Slafkovsky and loses puck.
7:50 of 2nd period - Slapshot by Blake Coleman.
7:50 of 2nd period - Shot Blocked by Zach Werenski.
7:52 of 2nd period - Snap shot by Jake Evans.
7:52 of 2nd period - Stopped by Sergei Bobrovsky with a rebound.
8:06 of 2nd period - Wrist shot by Ondrej Palat.
8:06 of 2nd period - Shot Misses the Net.
8:08 of 2nd period - Slapshot by Ryan Pulock.
8:08 of 2nd period - Stopped by Sergei Bobrovsky with a rebound.
8:10 of 2nd period - Snap shot by Blake Coleman.
8:10 of 2nd period - Shot Blocked by Pavel Zacha.
8:28 of 2nd period - Wrist shot by Sam Reinhart.
8:28 of 2nd period - Stopped by Lukas Dostal with a rebound.
8:43 of 2nd period - Icing by Zach Werenski.
8:44 of 2nd period - Evgeni Malkin wins face-off versus Pavel Zacha in Flames zone.
9:11 of 2nd period - Ryan Donato is hit by Jaycob Megna and loses puck.
9:40 of 2nd period - Icing by Drake Caggiula.
9:41 of 2nd period - Drake Caggiula wins face-off versus Ryan Donato in Golden Knights zone.
10:11 of 2nd period - Wrist shot by Patrick Maroon.
10:11 of 2nd period - Deflect By Drake Caggiula.
10:11 of 2nd period - Deflect By Teddy Blueger.
10:11 of 2nd period - Stopped by Sergei Bobrovsky without a rebound.
10:12 of 2nd period - Teddy Blueger wins face-off versus Evgeni Malkin in Flames zone.
10:21 of 2nd period - Wrist shot by Brandon Duhaime.
10:21 of 2nd period - Stopped by Lukas Dostal with a rebound.
10:23 of 2nd period - Backhand shot by Nick Seeler.
10:23 of 2nd period - Deflect By Brock Boeser.
10:23 of 2nd period - Stopped by Lukas Dostal without a rebound.
10:24 of 2nd period - Mark Jankowski wins face-off versus Brock Boeser in Golden Knights zone.
10:51 of 2nd period - Joel Kiviranta is hit by Juraj Slafkovsky and loses puck.
11:00 of 2nd period - Wrist shot by Juraj Slafkovsky.
11:00 of 2nd period - Deflect By Ryan Donato.
11:00 of 2nd period - Shot Misses the Net.
11:00 of 2nd period - Puck is out of play.
11:01 of 2nd period - Pavel Zacha wins face-off versus Jake Evans in Golden Knights zone.
11:52 of 2nd period - Jayden Struble is hit by Brandon Duhaime and loses puck.
11:59 of 2nd period - Snap shot by Teddy Blueger.
11:59 of 2nd period - Stopped by Lukas Dostal without a rebound.
12:00 of 2nd period - Evgeni Malkin wins face-off versus Ryan Donato in Golden Knights zone.
12:00 of 2nd period - Evgeni Malkin is hit by Nick Seeler.
12:06 of 2nd period - Wrist shot by Evgeni Malkin.
12:06 of 2nd period - Stopped by Sergei Bobrovsky with a rebound.
12:11 of 2nd period - Off-side.
12:12 of 2nd period - Evgeni Malkin wins face-off versus Ryan Donato in neutral zone.
12:19 of 2nd period - Snap shot by Brock Boeser.
12:19 of 2nd period - Stopped by Sergei Bobrovsky with a rebound.
12:21 of 2nd period - Wrist shot by Evgeni Malkin.
12:21 of 2nd period - Shot Blocked by Nick Seeler.
12:23 of 2nd period - Slapshot by Lucas Carlsson.
12:23 of 2nd period - Stopped by Sergei Bobrovsky without a rebound.
12:24 of 2nd period - Evgeni Malkin wins face-off versus Pavel Zacha in Flames zone.
12:51 of 2nd period - Ondrej Palat is hit by Connor Clifton and loses puck.
12:56 of 2nd period - Slapshot by Juraj Slafkovsky.
12:56 of 2nd period - Shot Misses the Net.
13:38 of 2nd period - Snap shot by Joel Kiviranta.
13:38 of 2nd period - Stopped by Sergei Bobrovsky without a rebound.
13:39 of 2nd period - Evgeni Malkin wins face-off versus Will Smith in Flames zone.
13:52 of 2nd period - Slapshot by Matt Boldy.
13:52 of 2nd period - Shot Misses the Net.
13:54 of 2nd period - Wrist shot by Evgeni Malkin.
13:54 of 2nd period - Stopped by Sergei Bobrovsky with a rebound.
13:56 of 2nd period - Slapshot by Matt Boldy.
13:56 of 2nd period - Shot Misses the Net.
14:25 of 2nd period - Connor Clifton is hit by Jaycob Megna and loses puck.
14:30 of 2nd period - Wrist shot by Jonny Brodzinski.
14:30 of 2nd period - Shot Hit the Post.
14:32 of 2nd period - Snap shot by Jonny Brodzinski.
14:32 of 2nd period - Stopped by Sergei Bobrovsky without a rebound.
14:33 of 2nd period - Mark Jankowski wins face-off versus Matt Boldy in Flames zone.
14:48 of 2nd period - Wrist shot by Kiefer Sherwood.
14:48 of 2nd period - Deflect By Mark Jankowski.
14:48 of 2nd period - Shot Blocked by Evgeni Malkin.
14:48 of 2nd period - Puck is out of play.
14:49 of 2nd period - Pavel Zacha wins face-off versus Jake Evans in Golden Knights zone.
14:56 of 2nd period - Slapshot by Pavel Zacha.
14:56 of 2nd period - Shot Blocked by Jake Evans.
15:02 of 2nd period - Snap shot by Ondrej Palat.
15:02 of 2nd period - Shot Misses the Net.
15:04 of 2nd period - Backhand shot by Conor Timmins.
15:04 of 2nd period - Shot Misses the Net.
15:44 of 2nd period - Off-side.
15:45 of 2nd period - Evgeni Malkin wins face-off versus Pavel Zacha in neutral zone.
16:21 of 2nd period - Slapshot by Blake Coleman.
16:21 of 2nd period - Shot Misses the Net.
16:31 of 2nd period - Slapshot by Zach Werenski.
16:31 of 2nd period - Deflect By Connor Zary.
16:31 of 2nd period - Stopped by Lukas Dostal with a rebound.
16:33 of 2nd period - Snap shot by Kiefer Sherwood.
16:33 of 2nd period - Stopped by Lukas Dostal without a rebound.
16:34 of 2nd period - Mark Jankowski wins face-off versus Drake Caggiula in Golden Knights zone.
16:39 of 2nd period - Snap shot by Mark Jankowski.
16:39 of 2nd period - Stopped by Lukas Dostal without a rebound.
16:40 of 2nd period - Pavel Zacha wins face-off versus Evgeni Malkin in Golden Knights zone.
17:07 of 2nd period - Snap shot by Ryan Donato.
17:07 of 2nd period - Shot Misses the Net.
17:44 of 2nd period - Slapshot by Joel Kiviranta.
17:44 of 2nd period - Shot Misses the Net.
18:36 of 2nd period - Slapshot by Ryan Pulock.
18:36 of 2nd period - Shot Misses the Net.
18:38 of 2nd period - Slapshot by Johnathan Kovacevic.
18:38 of 2nd period - Shot Misses the Net.
18:56 of 2nd period - Wrist shot by Blake Coleman.
18:56 of 2nd period - Deflect By Jake Evans.
18:56 of 2nd period - Shot Blocked by Mark Jankowski.
18:56 of 2nd period - Puck is out of play.
18:57 of 2nd period - Mark Jankowski wins face-off versus Jake Evans in Flames zone.
19:08 of 2nd period - Slapshot by Connor Zary.
19:08 of 2nd period - Shot Misses the Net.
19:10 of 2nd period - Wrist shot by Kiefer Sherwood.
19:10 of 2nd period - Stopped by Lukas Dostal with a rebound.
19:12 of 2nd period - Slapshot by Alec Martinez.
19:12 of 2nd period - Stopped by Lukas Dostal without a rebound.
19:13 of 2nd period - Evgeni Malkin wins face-off versus Pavel Zacha in Golden Knights zone.
19:40 of 2nd period - Nick Seeler is hit by Conor Timmins and loses puck.
Goals for this period are 0 for Flames vs 0 for Golden Knights.
Shots for this period are 14 for Flames vs 16 for Golden Knights.

3rd period


0:01 of 3rd period - Pavel Zacha wins face-off versus Evgeni Malkin in neutral zone.
0:26 of 3rd period - Ryan Pulock is hit by Connor Clifton and loses puck.
0:50 of 3rd period - Snap shot by Connor Zary.
0:50 of 3rd period - Shot Misses the Net.
0:52 of 3rd period - Snap shot by Kiefer Sherwood.
0:52 of 3rd period - Stopped by Lukas Dostal with a rebound.
1:14 of 3rd period - Nick Leddy is hit by Pavel Zacha and loses puck.
1:24 of 3rd period - Icing by Sam Reinhart.
1:25 of 3rd period - Ryan Donato wins face-off versus Evgeni Malkin in Flames zone.
1:32 of 3rd period - Snap shot by Trevor Moore.
1:32 of 3rd period - Stopped by Lukas Dostal with a rebound.
1:34 of 3rd period - Slapshot by Jordan Spence.
1:34 of 3rd period - Deflect By Ryan Donato.
1:34 of 3rd period - Stopped by Lukas Dostal without a rebound.
1:35 of 3rd period - Evgeni Malkin wins face-off versus Pavel Zacha in Golden Knights zone.
2:23 of 3rd period - Wrist shot by Rasmus Kupari.
2:23 of 3rd period - Deflect By Brandon Duhaime.
2:23 of 3rd period - Shot Blocked by Joel Kiviranta.
2:23 of 3rd period - Puck is out of play.
2:24 of 3rd period - Matt Savoie wins face-off versus Teddy Blueger in Golden Knights zone.
2:28 of 3rd period - Off-side.
2:29 of 3rd period - Mark Jankowski wins face-off versus Evgeni Malkin in neutral zone.
2:57 of 3rd period - Snap shot by Blake Coleman.
2:57 of 3rd period - Shot Blocked by Will Smith.
4:24 of 3rd period - Slapshot by Jake Evans.
4:24 of 3rd period - Goal by Jake Evans - Flames : 1 - Golden Knights : 1.
4:25 of 3rd period - Ryan Donato wins face-off versus Evgeni Malkin in neutral zone.
4:36 of 3rd period - Snap shot by Brock Boeser.
4:36 of 3rd period - Shot Misses the Net.
4:38 of 3rd period - Slapshot by Ryan Pulock.
4:38 of 3rd period - Shot Blocked by Alec Martinez.
4:40 of 3rd period - Wrist shot by Evgeni Malkin.
4:40 of 3rd period - Stopped by Sergei Bobrovsky with a rebound.
4:42 of 3rd period - Slapshot by Johnathan Kovacevic.
4:42 of 3rd period - Stopped by Sergei Bobrovsky without a rebound.
4:43 of 3rd period - Pavel Zacha wins face-off versus Jake Evans in Flames zone.
4:43 of 3rd period - Pavel Zacha is hit by Ondrej Palat.
5:10 of 3rd period - Ondrej Palat is hit by Connor Zary and loses puck.
5:33 of 3rd period - Trevor Moore is hit by Ondrej Palat and loses puck.
5:53 of 3rd period - Off-side.
5:54 of 3rd period - Evgeni Malkin wins face-off versus Teddy Blueger in neutral zone.
8:11 of 3rd period - Wrist shot by Jake Evans.
8:11 of 3rd period - Stopped by Sergei Bobrovsky without a rebound.
8:12 of 3rd period - Jake Evans wins face-off versus Pavel Zacha in Flames zone.
8:51 of 3rd period - Nick Seeler is hit by Lucas Carlsson and loses puck.
9:37 of 3rd period - Snap shot by Joel Kiviranta.
9:37 of 3rd period - Deflect By Nic Dowd.
9:37 of 3rd period - Stopped by Sergei Bobrovsky without a rebound.
9:38 of 3rd period - Teddy Blueger wins face-off versus Evgeni Malkin in Flames zone.
9:45 of 3rd period - Slapshot by Matt Boldy.
9:45 of 3rd period - Stopped by Sergei Bobrovsky with a rebound.
10:05 of 3rd period - Conor Timmins is hit by Sam Reinhart and loses puck.
10:14 of 3rd period - Wrist shot by Will Smith.
10:14 of 3rd period - Shot Misses the Net.
10:16 of 3rd period - Slapshot by Emil Lilleberg.
10:16 of 3rd period - Stopped by Lukas Dostal with a rebound.
10:38 of 3rd period - Slapshot by Patrick Maroon.
10:38 of 3rd period - Shot Misses the Net.
10:55 of 3rd period - Nic Dowd is hit by Juraj Slafkovsky and loses puck.
11:35 of 3rd period - Wrist shot by Sam Reinhart.
11:35 of 3rd period - Stopped by Lukas Dostal with a rebound.
11:59 of 3rd period - Wrist shot by Connor Zary.
11:59 of 3rd period - Stopped by Lukas Dostal without a rebound.
12:00 of 3rd period - Jake Evans wins face-off versus Ryan Donato in Golden Knights zone.
12:36 of 3rd period - Wrist shot by Jake Evans.
12:36 of 3rd period - Stopped by Sergei Bobrovsky without a rebound.
12:37 of 3rd period - Evgeni Malkin wins face-off versus Pavel Zacha in Flames zone.
13:28 of 3rd period - Snap shot by Kiefer Sherwood.
13:28 of 3rd period - Goal by Kiefer Sherwood - Flames : 2 - Golden Knights : 1.
13:29 of 3rd period - Pavel Zacha wins face-off versus Brock Boeser in neutral zone.
13:47 of 3rd period - Off-side.
13:48 of 3rd period - Jake Evans wins face-off versus Juraj Slafkovsky in neutral zone.
13:59 of 3rd period - Wrist shot by Blake Coleman.
13:59 of 3rd period - Stopped by Sergei Bobrovsky with a rebound.
14:01 of 3rd period - Slapshot by Jaycob Megna.
14:01 of 3rd period - Stopped by Sergei Bobrovsky without a rebound.
14:02 of 3rd period - Evgeni Malkin wins face-off versus Pavel Zacha in Flames zone.
14:11 of 3rd period - Snap shot by Brock Boeser.
14:11 of 3rd period - Stopped by Sergei Bobrovsky without a rebound.
14:12 of 3rd period - Pavel Zacha wins face-off versus Evgeni Malkin in Flames zone.
14:27 of 3rd period - Wrist shot by Pavel Zacha.
14:27 of 3rd period - Shot Misses the Net.
14:41 of 3rd period - Wrist shot by Matt Boldy.
14:41 of 3rd period - Shot Misses the Net.
14:43 of 3rd period - Wrist shot by Brock Boeser.
14:43 of 3rd period - Shot Misses the Net.
14:45 of 3rd period - Slapshot by Ryan Pulock.
14:45 of 3rd period - Stopped by Sergei Bobrovsky with a rebound.
14:49 of 3rd period - Slapshot by Matt Boldy.
14:49 of 3rd period - Shot Misses the Net.
14:53 of 3rd period - Backhand shot by Evgeni Malkin.
14:53 of 3rd period - Stopped by Sergei Bobrovsky without a rebound.
14:54 of 3rd period - Jake Evans wins face-off versus Ryan Donato in Flames zone.
15:19 of 3rd period - Patrick Maroon is hit by Nick Seeler and loses puck.
15:46 of 3rd period - Wrist shot by Jake Evans.
15:46 of 3rd period - Shot Misses the Net.
16:00 of 3rd period - Wrist shot by Ryan Donato.
16:00 of 3rd period - Stopped by Lukas Dostal with a rebound.
16:12 of 3rd period - Jaycob Megna is hit by Pavel Zacha and loses puck.
16:33 of 3rd period - Snap shot by Patrick Maroon.
16:33 of 3rd period - Shot Misses the Net.
16:35 of 3rd period - Snap shot by Drake Caggiula.
16:35 of 3rd period - Shot Misses the Net.
16:37 of 3rd period - Wrist shot by Drake Caggiula.
16:37 of 3rd period - Stopped by Sergei Bobrovsky without a rebound.
16:38 of 3rd period - Drake Caggiula wins face-off versus Mark Jankowski in Flames zone.
17:09 of 3rd period - Slapshot by Emil Lilleberg.
17:09 of 3rd period - Shot Misses the Net.
18:35 of 3rd period - Snap shot by Teddy Blueger.
18:35 of 3rd period - Stopped by Lukas Dostal with a rebound.
19:01 of 3rd period - Golden Knights, Lukas Dostal is pulled from the net.
19:47 of 3rd period - Snap shot by Brock Boeser.
19:47 of 3rd period - Shot Misses the Net.
Goals for this period are 1 for Flames vs 1 for Golden Knights.
Shots for this period are 9 for Flames vs 13 for Golden Knights.